 Dungeon Crawl Stone Soup version 0.30-a0-170-g85af917532 (webtiles) character file.

Game seed: 5059892111751603277

9029 scionoferis the Skirmisher (level 11, -11/86 HPs)
             Began as a Gnoll Hunter on Sept 30, 2022.
             Was a Follower of Uskayaw.
             Mangled by a komodo dragon (14 damage)
             ... on level 10 of the Dungeon.
             The game lasted 00:37:32 (15307 turns).

scionoferis the Skirmisher (Gnoll Hunter)          Turns: 15307, Time: 00:37:33

Health: -11/86     AC: 11    Str: 11    XL:     11   Next: 40%
Magic:  20/20      EV: 16    Int:  9    God:    Uskayaw [*.....]
Gold:   475        SH:  0    Dex: 17    Spells: 23/23 levels left

rFire   . . .      SeeInvis +    b - +9 mace of Satyriasis {vorpal, SInv}
rCold   + . .      Faith    .    (no shield)
rNeg    . . .      Spirit   .    s - +3 leather armour
rPois   +          Reflect  .    G - +0 helmet
rElec   .          Harm     .    (no cloak)
rCorr   .          Rampage  .    w - +0 pair of gloves
Will    .....                    K - +1 pair of boots
Stlth   ++++......               Z - amulet of Xewuwk {RegenMP rPois rC+ Stlth+}
HPRegen 0.24/turn                (no ring)
MPRegen 0.57/turn                (no ring)

@: no status effects
A: fangs 2, strong nose, distributed training, clumsy 1, noise suppression
a: Renounce Religion, Stomp


You were on level 10 of the Dungeon.
You worshipped Uskayaw.
Uskayaw was noncommittal.
You visited 2 branches of the dungeon, and saw 11 of its levels.
You also visited: Ossuary.

You collected 475 gold pieces.

Inventory:

Hand Weapons
 a - a +0 shortbow
 b - the +9 mace of Satyriasis (weapon) {vorpal, SInv}
   (You took it off a kobold on level 6 of the Dungeon)

   It inflicts extra damage upon your enemies.
   SInv:      It lets you see invisible.
 d - a +5 dagger
 e - a +1 short sword of electrocution
 I - a +3 war axe
 S - a +0 dagger of speed
Missiles
 k - 4 javelins
 A - 23 poisoned darts
 J - 4 boomerangs
Armour
 s - a +3 leather armour (worn)
 w - a +0 pair of gloves (worn)
 G - a +0 helmet (worn)
 K - a +1 pair of boots (worn)
Jewellery
 c - a ring of fire
 R - an amulet of reflection
 T - a ring of ice
 W - the amulet of the Four Winds {rN+ Will+++ Clar}
   (You found it on level 6 of the Dungeon)

   [amulet of nothing]

   rN:        It protects you from negative energy.
   Clar:      It protects you against confusion.
   Will:      It greatly increases your willpower.
 X - a +6 ring of intelligence
 Z - the amulet of Xewuwk (around neck) {RegenMP rPois rC+ Stlth+}
   (You found it on level 8 of the Dungeon)

   [amulet of magic regeneration]

   It increases your rate of magic regeneration.
   rC:        It protects you from cold.
   rPois:     It protects you from poison.
   Stlth:     It makes you more stealthy.
Wands
 l - a wand of acid (7)
 x - a wand of charming (13)
 E - a wand of iceblast (6)
 H - a wand of mindburst (3)
Scrolls
 f - a scroll of immolation
 h - 2 scrolls of vulnerability {unknown}
 j - a scroll of blinking
 m - 4 scrolls of teleportation
 p - 4 scrolls of silence {unknown}
 q - 3 scrolls of enchant weapon {unknown}
 t - a scroll of enchant armour
 u - 2 scrolls of fear {unknown}
 v - a scroll of magic mapping
 y - 2 scrolls of fog
 L - a scroll of torment
 N - a scroll of amnesia
 O - 2 scrolls of noise {unknown}
 P - a scroll of poison
 Q - 2 scrolls of summoning
 U - a scroll of brand weapon
Potions
 g - a potion of brilliance
 i - 6 potions of curing
 n - a potion of attraction
 o - 3 potions of heal wounds {unknown}
 r - 2 potions of berserk rage {unknown}
 z - 2 potions of flight
 B - a potion of ambrosia {unknown}
 C - 2 potions of degeneration {unknown}
 D - a potion of might
 F - a potion of magic
 M - a potion of invisibility
 V - a potion of lignification {unknown}
 Y - 4 potions of mutation


   Skills:
 + Level 8.0 Fighting
 + Level 6.5 Short Blades
 + Level 6.5 Long Blades
 + Level 6.5 Axes
 + Level 6.5 Maces & Flails
 + Level 6.5 Polearms
 + Level 6.5 Staves
 + Level 10.7 Ranged Weapons
 + Level 6.5 Throwing
 + Level 6.5 Armour
 + Level 8.0 Dodging
 + Level 7.0 Stealth
 + Level 6.5 Shields
 + Level 6.5 Unarmed Combat
 + Level 6.5 Spellcasting
 + Level 5.3 Conjurations
 + Level 5.3 Hexes
 + Level 5.3 Summonings
 + Level 5.3 Necromancy
 + Level 5.3 Translocations
 + Level 5.3 Transmutations
 + Level 5.3 Fire Magic
 + Level 5.3 Ice Magic
 + Level 5.3 Air Magic
 + Level 5.3 Earth Magic
 + Level 5.3 Poison Magic
 + Level 7.1 Invocations
 + Level 6.5 Evocations


You had 23 spell levels left.
You didn't know any spells.
Your spell library contained the following spells:

 Spells                   Type           Power      Damage    Failure   Level
 Magic Dart               Conj           48%        1d5       3%          1
 Call Imp                 Summ           12%        N/A       4%          2
 Ensorcelled Hibernation  Hex/Ice        24%        N/A       4%          2
 Passwall                 Tmut/Erth      10%        N/A       4%          2
 Dazzling Flash           Conj/Hex       24%        N/A       9%          3
 Hailstorm                Conj/Ice       12%        3d5       9%          3
 Ignite Poison            Fire/Tmut/Pois 12%        N/A       9%          3
 Mephitic Cloud           Conj/Pois/Air  12%        N/A       9%          3
 Stone Arrow              Conj/Erth      24%        3d8       9%          3
 Swiftness                Air            12%        N/A       9%          3
 Ice Form                 Ice/Tmut       12%        N/A       28%         4
 Agony                    Necr           12%        N/A       63%         5
 Silence                  Hex/Air        6%         N/A       63%         5
 Simulacrum               Ice/Necr       6%         N/A       99%         6
 Lehudib's Crystal Spear  Conj/Erth      6%         10d3      100%        8


Dungeon Overview and Level Annotations

Branches:
Dungeon (10/15)            Temple (1/1) D:7             Orc (0/2) D:10
Ossuary (visited)
   Lair: D:8-11

Altars:
Ashenzari
Cheibriados
Dithmenos
Elyvilon
Fedhas
Gozag
Hepliaklqana
Kikubaaqudgha
Makhleb
Nemelex Xobeh
Okawaru
Qazlal
Ru
Sif Muna
Trog
Uskayaw
Vehumet
Wu Jian
Xom
Yredelemnul
Zin
The Shining One


Innate Abilities, Weirdness & Mutations

You have extremely sharp teeth.
Your uncanny sense of smell can sniff out nearby items.
Your experience applies equally to all skills.
You are clumsy. (Dex -2)
You passively dampen the noise of your surroundings.


Message History

The komodo dragon bites you!
You can now pass through a line of other dancers.
You sock the komodo dragon!
The komodo dragon is almost dead.
The komodo dragon closely misses you.
You hit the komodo dragon.
You kill the komodo dragon!
Your Stealth skill increases to level 7!
No target in view!
a - a +0 shortbow (weapon)
A slime creature and a komodo dragon come into view.
d - a +5 dagger (weapon)
Found a stone.
Found 17 gold pieces.
The komodo dragon hisses angrily.
The komodo dragon bites you!!
You barely miss the komodo dragon. The komodo dragon bites you!
The komodo dragon hisses menacingly.
The komodo dragon bites you.
b - the +9 mace of Satyriasis (weapon)
{vorpal, SInv} You hit the komodo dragon but do no damage.
The komodo dragon closely misses you.
You thump the komodo dragon!
The komodo dragon is moderately wounded.
The komodo dragon bites you!!
You completely miss the komodo dragon.
The komodo dragon is moderately wounded.
The komodo dragon barely misses you. The komodo dragon closely misses you.
The slime creature quivers.
You hit the komodo dragon.
The komodo dragon is moderately wounded.
The komodo dragon closely misses you.
You hit the komodo dragon.
The komodo dragon is moderately wounded.
The komodo dragon bites you!!
* * * LOW HITPOINT WARNING * * *
You hit the komodo dragon.
The komodo dragon is heavily wounded.
The komodo dragon bites you!
You die...

.#.........#######.#.###.#
.#.................#.....#
)#.................#.....#
.#######.................#
.# #....J...########.# ##
#.#.#.#..# #.#
########.......## #.#
.........#.#.#..########.#
..>............l@.....$..#
.........#.#.#..........
.#######.......##..#.#.#
.############... ....(..
....... ..... ..#.#..
....... ####.# #.....#
######. #. ###### # #


You could see a slime creature and a komodo dragon.

Vanquished Creatures
  Psyche (D:9)
  A komodo dragon (D:10)
  A slime creature (D:10)
  A shadow (D:10)
  A vampire (D:6)
  A wyvern (D:9)
  10 yaks
  Grum (D:9)
  A steam dragon (D:8)
  6 vampire mosquitoes (D:10)
  A water moccasin (D:6)
  8 orc warriors
  2 sky beasts (D:8)
  2 ice beasts
  2 black bears (D:5)
  3 centaurs (D:9)
  3 wolves (D:9)
  An ogre (D:6)
  An elf zombie (Ossuary)
  2 kobold brigands
  A bullfrog (D:4)
  2 necrophages (D:6)
  A gnoll sergeant (D:9)
  4 scorpions
  9 wights
  16 killer bees
  A howler monkey (D:6)
  2 electric eels (D:6)
  3 centaur zombies (Ossuary)
  2 hounds (D:6)
  6 orc priests
  A jelly (D:6)
  A gnoll bouda (D:8)
  2 iguanas (D:7)
  14 orc wizards
  2 ogre zombies (Ossuary)
  7 mummies (Ossuary)
  10 adders
  8 gnolls
  A white imp (D:5)
  An ufetubus (D:7)
  6 adder zombies (Ossuary)
  3 worms
  A dart slug (D:4)
  54 orcs
  7 ball pythons
  2 bats
  3 endoplasms
  2 giant cockroaches (D:2)
  7 goblins
  8 hobgoblins
  11 jackals
  2 quokkas
  2 frilled lizards
  5 goblin zombies (Ossuary)
  5 hobgoblin zombies (Ossuary)
  18 kobolds
  2 kobold zombies (Ossuary)
  2 quokka zombies (Ossuary)
  9 rats
  5 rat zombies
297 creatures vanquished.

Vanquished Creatures (collateral kills)
  2 wights (D:7)
  2 orc priests (D:6)
  An orc (D:6)
  An orc zombie (D:7)
6 creatures vanquished.

Vanquished Creatures (others)
  A black bear (D:7)
1 creature vanquished.

Grand Total: 304 creatures vanquished

Notes
Turn   | Place    | Note
-------+----------+-------------------------------------------
     0 | D:1      | scionoferis the Gnoll Hunter began the quest for the Orb.
     0 | D:1      | Reached XP level 1. HP: 20/20 MP: 1/1
   288 | D:1      | Reached XP level 2. HP: 26/26 MP: 2/2
   570 | D:1      | Found a faded altar of an unknown god.
   621 | D:2      | Found an ornate altar of the Wu Jian Council.
   645 | D:2      | Reached XP level 3. HP: 31/31 MP: 3/3
   727 | D:2      | Reached skill level 1 in Invocations
  1022 | D:2      | Reached skill level 1 in Short Blades
  1022 | D:2      | Reached skill level 1 in Long Blades
  1022 | D:2      | Reached skill level 1 in Axes
  1022 | D:2      | Reached skill level 1 in Maces & Flails
  1022 | D:2      | Reached skill level 1 in Polearms
  1022 | D:2      | Reached skill level 1 in Staves
  1022 | D:2      | Reached skill level 1 in Throwing
  1022 | D:2      | Reached skill level 1 in Armour
  1022 | D:2      | Reached skill level 1 in Shields
  1022 | D:2      | Reached skill level 1 in Unarmed Combat
  1022 | D:2      | Reached skill level 1 in Spellcasting
  1022 | D:2      | Reached skill level 1 in Evocations
  1081 | D:2      | Reached XP level 4. HP: 26/38 MP: 5/5
  1227 | D:2      | Gained mutation: You have hidden genetic defects. [potion
                  | of mutation]
  1259 | D:2      | Reached skill level 1 in Conjurations
  1259 | D:2      | Reached skill level 1 in Hexes
  1259 | D:2      | Reached skill level 1 in Summonings
  1259 | D:2      | Reached skill level 1 in Necromancy
  1259 | D:2      | Reached skill level 1 in Translocations
  1259 | D:2      | Reached skill level 1 in Transmutations
  1259 | D:2      | Reached skill level 1 in Fire Magic
  1259 | D:2      | Reached skill level 1 in Ice Magic
  1259 | D:2      | Reached skill level 1 in Air Magic
  1259 | D:2      | Reached skill level 1 in Earth Magic
  1259 | D:2      | Reached skill level 1 in Poison Magic
  1261 | D:2      | Gained mutation: You are dopey. (Int -2) [hidden defects]
  1263 | D:2      | Lost mutation: You are dopey. (Int -2) [potion of mutation]
  1263 | D:2      | Lost mutation: You have hidden genetic defects. [potion of
                  | mutation]
  1263 | D:2      | Gained mutation: You have extremely sharp teeth. [potion of
                  | mutation]
  1263 | D:2      | Gained mutation: You passively dampen the noise of your
                  | surroundings. [potion of mutation]
  1263 | D:2      | Gained mutation: You are clumsy. (Dex -2) [potion of
                  | mutation]
  2187 | D:3      | Reached XP level 5. HP: 43/43 MP: 7/7
  2762 | D:4      | Found a burning altar of Makhleb.
  2766 | D:4      | Found a shimmering altar of Xom.
  2888 | D:4      | Reached skill level 5 in Fighting
  2888 | D:4      | Reached skill level 5 in Dodging
  2888 | D:4      | Reached XP level 6. HP: 25/51 MP: 8/8
  3582 | D:5      | Entered Level 5 of the Dungeon
  3744 | D:5      | Noticed a black bear
  3750 | D:5      | Killed a black bear
  3751 | D:5      | Reached XP level 7. HP: 52/56 MP: 10/10
  4128 | D:5      | Found an ornate altar of the Wu Jian Council.
  4318 | D:5      | Reached skill level 9 in Ranged Weapons
  5066 | D:6      | You fall into a shaft and drop 3 floors!
  5096 | D:9      | Reached XP level 8. HP: 47/63 MP: 12/12
  6310 | D:7      | Reached XP level 9. HP: 33/69 MP: 14/14
  6341 | D:7      | HP: 1/69 [water moccasin (6)]
  6436 | D:7      | Found a sand-covered staircase.
  6445 | Ossuary  | Entered an ossuary
  7768 | D:6      | Reached skill level 5 in Stealth
  7772 | D:6      | Found a sparkling altar of Nemelex Xobeh.
  7778 | D:6      | Found a stormy altar of Qazlal.
  7783 | D:6      | Found a glowing silver altar of Zin.
  8064 | D:6      | Found a shimmering blue altar of Sif Muna.
  8067 | D:6      | Found a broken altar of Ashenzari.
  8120 | D:6      | Identified the +9 mace of Satyriasis {vorpal, SInv}
  8333 | D:6      | Found a basalt altar of Yredelemnul.
  8376 | D:6      | Reached skill level 5 in Invocations
  8894 | D:6      | Found the amulet of the Four Winds {rN+ Will+++ Clar}
  9531 | D:6      | HP: 3/71 [orc priest/divine providence (14)]
 10765 | D:7      | Found a staircase to the Ecumenical Temple.
 10835 | Temple   | Entered the Ecumenical Temple
 11037 | Temple   | Became a worshipper of Uskayaw the Reveller
 11120 | D:8      | Reached * piety under Uskayaw
 11126 | D:8      | Reached skill level 5 in Short Blades
 11126 | D:8      | Reached skill level 5 in Long Blades
 11126 | D:8      | Reached skill level 5 in Axes
 11126 | D:8      | Reached skill level 5 in Maces & Flails
 11126 | D:8      | Reached skill level 5 in Polearms
 11126 | D:8      | Reached skill level 5 in Staves
 11126 | D:8      | Reached skill level 5 in Throwing
 11126 | D:8      | Reached skill level 5 in Armour
 11126 | D:8      | Reached skill level 5 in Shields
 11126 | D:8      | Reached skill level 5 in Unarmed Combat
 11126 | D:8      | Reached skill level 5 in Spellcasting
 11126 | D:8      | Reached skill level 5 in Evocations
 11126 | D:8      | Reached XP level 10. HP: 68/77 MP: 17/17
 11196 | D:8      | Reached ** piety under Uskayaw
 11199 | D:8      | Reached skill level 10 in Ranged Weapons
 11370 | D:8      | Identified the amulet of Xewuwk {RegenMP rPois rC+ Stlth+}
 11437 | D:8      | Reached *** piety under Uskayaw
 11514 | D:8      | Got Sif Muna's Grimoire of Mutable Silt
 11578 | D:8      | Found a runed translucent door.
 12294 | D:8      | Reached **** piety under Uskayaw
 12843 | D:9      | Reached ***** piety under Uskayaw
 13149 | D:9      | Noticed Grum
 13159 | D:9      | Killed Grum
 13602 | D:9      | Noticed Psyche
 13608 | D:9      | Killed Psyche
 13675 | D:10     | Entered Level 10 of the Dungeon
 13675 | D:10     | Found a staircase to the Orcish Mines.
 13679 | D:10     | Reached skill level 5 in Conjurations
 13679 | D:10     | Reached skill level 5 in Hexes
 13679 | D:10     | Reached skill level 5 in Summonings
 13679 | D:10     | Reached skill level 5 in Necromancy
 13679 | D:10     | Reached skill level 5 in Translocations
 13679 | D:10     | Reached skill level 5 in Transmutations
 13679 | D:10     | Reached skill level 5 in Fire Magic
 13679 | D:10     | Reached skill level 5 in Ice Magic
 13679 | D:10     | Reached skill level 5 in Air Magic
 13679 | D:10     | Reached skill level 5 in Earth Magic
 13679 | D:10     | Reached skill level 5 in Poison Magic
 13683 | D:9      | Reached XP level 11. HP: 78/85 MP: 20/20
 15154 | D:10     | Found a shadowy altar of Dithmenos.
 15306 | D:10     | HP: 3/86 [komodo dragon (29)]
 15307 | D:10     | Mangled by a komodo dragon

Illustrated notes

Levels and vault maps discovered:
D:1:      minmay_arrival_glassed_features, layout_basic,
          shapermc_ecumenical_altar_mp_vishouse
D:2:      minmay_inner_zag, layout_basic, basic_altar, minmay_misc_feat_x
D:3:      layout_basic, minmay_crystal_water
D:4:      layout_loops_ring, mainiacjoe_overflow_boulevard,
          mainiacjoe_overflow_alcove_4, moated_statue
D:5:      layout_gridville, nicolae_overflow_crystal_walls
D:6:      layout_loops_corners, lemuel_tele_altar,
          minmay_overflow_temple_star_quad, nicolae_overflow_squiral,
          lightli_minifort
D:7:      layout_loops_ring, minmay_temple_entry_poolview, enter_ossuary_3
D:8:      layout_rooms, kennysheep_small_spiral, lightli_church_of_beogh
D:9:      layout_basic, uniq_grum, uniq_psyche
D:10:     layout_long_grid, mainiacjoe_overflow_concentric_impassable,
          david_lair_generic, minmay_orc_entry_temple_small,
          serial_co_window_serial, co_window_paths_a,
          co_window_of_opportunity_a, co_window_corner_a, co_window_paths_a,
          co_window_paths_b, co_window_2corner, co_window_2corner,
          co_window_cross_4, co_window_of_opportunity_c, co_window_broadway_c,
          glass_columns_a, glass_columns_a, glass_columns_b, glass_columns_b,
          glass_columns_c, mrwooster_statue_mirror
Temple:   minmay_temple_bridge_abc

Skill      XL: |  1  2  3  4  5  6  7  8  9 10 11 |
---------------+----------------------------------+-----
Invocations    | 1 2 3 4 5 6 7 |  7.1
Short Blades   | 1 2 3 5 6 |  6.5
Long Blades    | 1 2 3 5 6 |  6.5
Axes           | 1 2 3 5 6 |  6.5
Maces & Flails | 1 2 3 5 6 |  6.5
Polearms       | 1 2 3 5 6 |  6.5
Staves         | 1 2 3 5 6 |  6.5
Throwing       | 1 2 3 5 6 |  6.5
Armour         | 1 2 3 5 6 |  6.5
Shields        | 1 2 3 5 6 |  6.5
Unarmed Combat | 1 2 3 5 6 |  6.5
Spellcasting   | 1 2 3 5 6 |  6.5
Evocations     | 1 2 3 5 6 |  6.5
Conjurations   | 1 2 3 4 5 |  5.3
Hexes          | 1 2 3 4 5 |  5.3
Summonings     | 1 2 3 4 5 |  5.3
Necromancy     | 1 2 3 4 5 |  5.3
Translocations | 1 2 3 4 5 |  5.3
Transmutations | 1 2 3 4 5 |  5.3
Fire Magic     | 1 2 3 4 5 |  5.3
Ice Magic      | 1 2 3 4 5 |  5.3
Air Magic      | 1 2 3 4 5 |  5.3
Earth Magic    | 1 2 3 4 5 |  5.3
Poison Magic   | 1 2 3 4 5 |  5.3
Fighting       | 5 6 7 8 |  8.0
Dodging        | 5 6 7 8 |  8.0
Stealth        | 3 4 5 6 7 |  7.0
Ranged Weapons | 9 10 | 10.7

Action                   |  1- 3 |  4- 6 |  7- 9 | 10-12 || total
-------------------------+-------+-------+-------+-------++-------
Melee: Short sword       |     2 |    91 |    74 |    46 ||   213
       Bite              |       |    11 |    37 |    36 ||    84
       Punch             |       |     1 |     4 |    11 ||    16
       Dagger            |       |       |    50 |    15 ||    65
       Mace              |       |       |   137 |   241 ||   378
 Fire: Shortbow          |    77 |   105 |   164 |   124 ||   470
Invok: Line Pass         |       |       |       |     6 ||     6
       Stomp             |       |       |       |     3 ||     3
Evoke: Wand              |       |       |    14 |     2 ||    16
  Use: Potion            |       |     4 |     5 |     1 ||    10
       Scroll            |       |     1 |       |    10 ||    11
 Stab: Invisible         |       |     2 |       |       ||     2
       Sleeping          |       |       |    23 |     5 ||    28
       Paralysed         |       |       |       |    17 ||    17
       Confused          |       |       |       |     2 ||     2
       Distracted        |       |       |       |     1 ||     1
Armor: Leather armour    |     9 |    21 |    58 |    87 ||   175
Dodge: Dodged            |    27 |    74 |   184 |   267 ||   552
Block: Other             |       |    17 |    60 |       ||    77
       Reflection        |       |       |     5 |       ||     5

Table legend: (Time is in decaauts)
 A = Elapsed time spent in this place.
 B = Non-inter-level travel time spent in this place.
 C = Inter-level travel time spent in this place.
 D = Time resting spent in this place.
 E = Time spent auto-exploring this place.
 F = Levels seen in this place.
 G = Mean time per level.
                   A        B        C        D        E       F      G
               +--------+--------+--------+--------+--------+-----+--------+
         Total |  15287 |  14807 |    480 |   4470 |   7551 |  12 | 1273.9 |
       Dungeon |  14133 |  13687 |    446 |   4252 |   6915 |  10 | 1413.3 |
        Temple |    237 |    203 |     34 |      0 |    191 |   1 |  237.0 |
       Ossuary |    916 |    916 |      0 |    218 |    445 |   1 |  916.0 |
               +--------+--------+--------+--------+--------+-----+--------+

Top non-repeatable levels by time:
     D:8: 2506 daAuts
     D:6: 2110 daAuts
     D:5: 1934 daAuts
     D:9: 1762 daAuts
     D:2: 1416 daAuts
     D:7: 1144 daAuts
     D:4: 1120 daAuts
    D:10: 944 daAuts
 Ossuary: 916 daAuts
     D:3: 605 daAuts
     D:1: 590 daAuts
  Temple: 237 daAuts
